 Dungeon Crawl Stone Soup version bcrawl-1.40.2 (webtiles) character file.

Game seed: 15410103509449169434

113523 polpettosauro the Skirmisher (level 3, 0/33 HPs)
             Began as a Sand Dwarf Spelunker on Nov 19, 2023.
             Slain by a scorpion (2 damage)
             ... on level 2 of the Dungeon.
             The game lasted 00:03:35 (1251 turns).

polpettosauro the Skirmisher (Sand Dwarf Spelunker) Turns: 1251, Time: 00:03:35

Health: 0/33       AC:  4    Str: 16    XL:     3   Next: 50%
Magic:  6/6        EV: 13    Int: 13    God:
Gold:   134        SH:  0    Dex: 10    Spells: 3/6 levels left

rFire    + . .     GDR:     22% a - +1 dagger
rCold    + . .     SeeInvis .   (shield restricted)
rNeg     . . .     Gourm    .   b - +0 leather armour
rPois    +         Faith    .   (no helmet)
rElec    +         Spirit   .   (no cloak)
rCorr    +         Reflect  .   (no gloves)
MR       .....                  c - +0 pair of boots
Stlth    ++........             (no amulet)
HPRegen  0.15/turn              (no ring)
MPRegen  0.10/turn              (no ring)

@: lethally poisoned (0 -> -10), resistant, slow
A: small, slowness 1, armour attunement
a: no special abilities


You were on level 2 of the Dungeon.
You were hungry.

You visited 1 branch of the dungeon, and saw 2 of its levels.

You collected 134 gold pieces.

Inventory:

Hand Weapons
 a - a +1 dagger (weapon)
 u - a +0 hunting sling
Missiles
 n - 66 poisoned tomahawks (quivered)
 r - 563 stones
Armour
 b - a +0 leather armour (worn)
 c - a +0 pair of boots (worn)
 q - a +0 pair of gloves
Jewellery
 w - an uncursed amulet of the gourmand {unknown}
 x - an uncursed ring of insulation {unknown}
Wands
 d - a wand of digging (10)
Scrolls
 f - a scroll of noise
 h - 2 scrolls of amnesia {unknown}
 i - 4 scrolls of identify
 j - 2 scrolls of blinking {unknown}
 m - a scroll of teleportation {unknown}
 o - a scroll of enchant weapon {unknown}
 s - 2 scrolls of remove curse {unknown}
Potions
 k - a potion of mutation {unknown}
 l - 2 potions of curing {unknown}
 p - a potion of resistance
 t - a potion of might {unknown}
Miscellaneous
 g - a lamp of fire
Comestibles
 e - 4 rations {!d}
 v - 2 chunks of flesh


   Skills:
 - Level 3.9 Fighting
 - Level 1.5 Short Blades
 + Level 1.6 Slings
 - Level 2.4 Stealth
 - Level 2.0 Spellcasting
 - Level 1.5 Hexes
 - Level 1.5 Transmutations
 - Level 2.4 Earth Magic
 - Level 2.6 Evocations


You had 3 spell levels left.
You knew the following spells:

 Your Spells              Type           Power        Failure   Level  Hunger
a - Corona                Hex            #......      14%         1    None
b - Passwall              Tmut/Erth      #.......     17%         2    ##.....
Your spell library was empty.

Dungeon Overview and Level Annotations

Branches:
Dungeon (2/12)

Altars:
Uskayaw


Innate Abilities, Weirdness & Mutations

You are small and have problems with some larger weapons.
You cover ground slowly.
Armour does not affect your spellcasting.


Message History

You are too injured to fight recklessly!
You are too injured to fight recklessly!
You are too injured to fight recklessly!
You are too injured to fight recklessly!
Wield which item (- for none, * to show all)? (? for menu, Esc to quit)
Okay, then.
You feel sick.
Okay, then.
Wield which item (- for none, * to show all)? (? for menu, Esc to quit)
a - a +1 dagger (weapon)
You feel sick.
You hit the scorpion but do no damage.
The scorpion is severely wounded.
You feel sick. The scorpion stings you!
* * * LOW HITPOINT WARNING * * *
It was a potion of resistance.
You feel protected.
* * * LOW HITPOINT WARNING * * *
You feel sick. The scorpion stings you.
You die...

..... ...## .#
......... ...##.#
........ ._....
........ .....
##..#.#### #...
###......## #.###..
..#..###..###.....#
...........######s#
................@.##
..###......###.....#
### ######.# #.....#
#.###.....#
#...#.....#
###.......#
###.....# #.....#
#.....#


You could see a scorpion.

Vanquished Creatures
  An ooze (D:2)
  A worm (D:2)
  A dart slug (D:1)
  2 leopard geckos (D:2)
  A bat (D:1)
  2 giant cockroaches (D:1)
  5 goblins
  4 hobgoblins
  A jackal (D:2)
  A frilled lizard (D:2)
  5 kobolds
  2 rats (D:2)
26 creatures vanquished.

Notes
Turn   | Place    | Note
-------+----------+-------------------------------------------
     0 | D:1      | polpettosauro the Sand Dwarf Spelunker began the quest for
                  | the Orb.
     0 | D:1      | Reached XP level 1. HP: 18/18 MP: 3/3
   276 | D:1      | Reached skill level 3 in Fighting
   349 | D:1      | Reached XP level 2. HP: 26/26 MP: 5/5
  1093 | D:2      | Reached XP level 3. HP: 30/33 MP: 6/6
  1098 | D:2      | Reached skill level 1 in Slings
  1230 | D:2      | Found a hide-covered altar of Uskayaw.
  1232 | D:2      | Noticed a scorpion
  1251 | D:2      | Slain by a scorpion

Skill      XL: |  1  2  3 |
---------------+----------+-----
Fighting       | 3 |  3.9
Slings         | 1 |  1.6
Short Blades   | |  1.5
Stealth        | |  2.4
Spellcasting   | |  2.0
Hexes          | |  1.5
Transmutations | |  1.5
Earth Magic    | |  2.4
Evocations     | |  2.6

Action                   || total
-------------------------++-------
Melee: Dagger            ||    49
 Fire: Hunting sling     ||    57
 Cast: Corona            ||     9
  Use: Potion            ||     1
 Stab: Sleeping          ||     2
  Eat: Chunk             ||     4
Armor: Leather armour    ||    23
Dodge: Dodged            ||    48
